 Dungeon Crawl Stone Soup version 0.19.1 (webtiles) character file.

162925 kae the Black Belt (level 17, -6/138 HPs)
             Began as a Demonspawn Monk on Dec 22, 2016.
             Was the Champion of Cheibriados.
             Shot with a bolt by a naga sharpshooter (9 damage)
             ... on level 4 of the Snake Pit.
             The game lasted 00:59:55 (34314 turns).

kae the Black Belt (Demonspawn Monk)               Turns: 34314, Time: 00:59:56

Health: -6/138     AC: 33    Str: 32    XL:     17   Next: 23%
Magic:  15/18      EV: 22    Int: 36    God:    Cheibriados [******]
Gold:   740        SH:  0    Dex: 38    Spells: 4 memorised, 25 levels left

rFire  + . .     SeeInvis .       - Unarmed
rCold  + + +     Gourm    .     m - +7 chain mail of Makhleb's Envy {rC+++ MR+ MP-9 Dex+2}
rNeg   . . .     Faith    .     (no shield)
rPois  +         Spirit   .     O - +0 helmet "Meerea Miogh" {Regen+ Int+8}
rElec  +         Reflect  .     r - +1 cloak
rCorr  .         Harm     .     (no gloves)
MR     ++...                    (no boots)
Stlth  ..........               W - amulet of the Prince {+Rage rElec rPois rF+}
                                b - +3 ring of protection
                                w - +2 ring of slaying

@: mighty, lethally poisoned (-6 -> -7), sanguine armour, very slow
A: hooves 2, blink, low mp 1, powered by pain 2, spiny 2, sanguine armour 3
a: Blink, Bend Time, Temporal Distortion, Slouch, Step From Time, Renounce
Religion, Evoke Berserk Rage


You were on level 4 of the Snake Pit.
You worshipped Cheibriados.
Cheibriados was exalted by your worship.
You were very hungry.

You visited 4 branches of the dungeon, and saw 27 of its levels.
You visited 2 bazaars.

You collected 2359 gold pieces.
You spent 1619 gold pieces at shops.

Inventory:

Missiles
 X - 3 throwing nets (quivered)
Armour
 f - the +4 ring mail of Synchronized Stabbing {*Contam rN+ MR+ Str+5}
   (You found it on level 7 of the Dungeon)

   It affects your strength (+5).
   It protects you from negative energy.
   It affects your resistance to hostile enchantments.
   It causes magical contamination when unequipped.
 m - the +7 chain mail of Makhleb's Envy (worn) {rC+++ MR+ MP-9 Dex+2}
   (You bought it in a shop in a bazaar)

   It affects your dexterity (+2).
   It renders you almost immune to cold.
   It affects your resistance to hostile enchantments.
   It affects your magic capacity (-9).
 r - a +1 cloak (worn)
 G - the +7 chain mail "Douvoj" {*Contam rF+ Int+7}
   (You found it on level 9 of the Dungeon)

   It affects your intelligence (+7).
   It protects you from fire.
   It causes magical contamination when unequipped.
 O - the +0 helmet "Meerea Miogh" (worn) {Regen+ Int+8}
   (You bought it in a shop on level 2 of the Orcish Mines)

   It affects your intelligence (+8).
   It increases your rate of regeneration.
 Q - the +8 chain mail of the Beginning {rElec Str-3 Int+4}
   (You bought it in a shop in a bazaar)

   It affects your strength (-3).
   It affects your intelligence (+4).
   It insulates you from electricity.
Jewellery
 b - a +3 ring of protection (right hand)
 g - an uncursed ring of positive energy
 v - an uncursed ring of see invisible
 w - a +2 ring of slaying (left hand)
 M - an uncursed amulet of guardian spirit
 W - the amulet of the Prince (around neck) {+Rage rElec rPois rF+}
   (You found it on level 15 of the Dungeon)

   [amulet of rage]

   It protects you from fire.
   It insulates you from electricity.
   It protects you from poison.
   It lets you go berserk.
Wands
 a - a wand of digging (17/24)
 P - a wand of teleportation (5/9)
Scrolls
 l - 9 scrolls of teleportation
 n - 13 scrolls of remove curse
 p - 5 scrolls of enchant armour
 s - 4 scrolls of recharging
 t - 2 scrolls of enchant weapon
 x - 5 scrolls of identify
 y - 3 scrolls of fear
 D - 3 scrolls of blinking
 H - 2 scrolls of amnesia
 J - 4 scrolls of magic mapping
Potions
 c - 3 potions of might
 e - 3 potions of berserk rage
 i - 7 potions of lignification
 k - 6 potions of magic
 u - 7 potions of curing
 z - 3 potions of flight
 A - 3 potions of ambrosia
 E - a potion of cure mutation
 F - 3 potions of mutation
 T - a potion of resistance
 Z - 3 potions of agility
Books
 j - a book of Enchantments

   Spells                             Type                      Level
   a - Cause Fear                     Hexes                        4
   b - Yara's Violent Unravelling     Hexes/Transmutation          5
   c - Silence                        Hexes/Air                    5
   d - Deflect Missiles               Charms/Air                   6
   e - Discord                        Hexes                        8
 B - a book of Changes

   Spells                             Type                      Level
   a - Beastly Appendage              Transmutation                1
   b - Sticks to Snakes               Transmutation                2
   c - Spider Form                    Transmutation/Poison         3
   d - Ice Form                       Ice/Transmutation            4
   e - Blade Hands                    Transmutation                5
 I - a book of Geomancy

   Spells                             Type                      Level
   a - Sandblast                      Earth                        1
   b - Passwall                       Transmutation/Earth          2
   c - Stone Arrow                    Conjuration/Earth            3
   d - Petrify                        Transmutation/Earth          4
   e - Lee's Rapid Deconstruction     Earth                        5
 K - a book of Necromancy

   Spells                             Type                      Level
   a - Pain                           Necromancy                   1
   b - Animate Skeleton               Necromancy                   1
   c - Vampiric Draining              Necromancy                   3
   d - Regeneration                   Charms/Necromancy            3
   e - Animate Dead                   Necromancy                   4
   f - Control Undead                 Necromancy                   4
 L - a book of Party Tricks

   Spells                             Type                      Level
   a - Summon Butterflies             Summoning                    1
   b - Apportation                    Translocation                1
   c - Lesser Beckoning               Translocation                3
   d - Tukima's Dance                 Hexes                        3
   e - Alistair's Intoxication        Transmutation/Poison         5
   f - Invisibility                   Hexes                        6
 Y - a book of Fire

   Spells                             Type                      Level
   a - Ignite Poison                  Fire/Transmutation/Poison    3
   b - Fireball                       Conjuration/Fire             5
   c - Bolt of Fire                   Conjuration/Fire             6
   d - Delayed Fireball               Conjuration/Fire             7
   e - Ring of Flames                 Charms/Fire                  7
Miscellaneous
 C - a phantom mirror
Comestibles
 h - 5 fruits
 q - 17 royal jellies
 N - 5 bread rations
 R - 3 meat rations


   Skills:
 + Level 13.7 Fighting
 + Level 11.5 Dodging
 - Level 1.7 Stealth
 * Level 16.8 Unarmed Combat
 * Level 9.1 Spellcasting
 * Level 10.3 Transmutations
 - Level 13.7 Invocations


You had 25 spell levels left.
You knew the following spells:

 Your Spells              Type           Power        Failure   Level  Hunger
a - Passwall              Tmut/Erth      ######....   2%          2    None
b - Beastly Appendage     Tmut           ######       1%          1    None
c - Apportation           Tloc           ###.......   14%         1    None
d - Blade Hands           Tmut           ######....   6%          5    ###....


Dungeon Overview and Level Annotations

Branches:
Dungeon (15/15)            Temple (0/1) D:4            Lair (6/6) D:10
  Swamp (0/4) Lair:2        Snake (4/4) Lair:4        Slime (0/5) Lair:6
    Orc (2/2) D:9             Elf (0/3) Orc:2        Vaults (0/5) D:14
 Depths (0/5) D:15

Altars:
Cheibriados
Gozag
Nemelex Xobeh
Okawaru
Sif Muna
Jiyva

Shops:
D:4 [   D:5 %   D:9 (   D:12 :   Orc:2 =*[(   Snake:2 }!*

Annotations:
D:7 exclusion: ice statue


Innate Abilities, Weirdness & Mutations

You have hoof-like feet.
You sometimes gain power by taking damage.
You are mostly covered in sharp spines.
When seriously injured, your bleeding wounds create very thick armour. (AC +12)
You can translocate small distances at will.
Your magical capacity is low. (-10% MP)


Message History

Okay, then.
Casting: Blade Hands
Confirm with . or Enter, or press ? or * to list all spells.
Which direction?
You feel sick. The naga mage barely misses you.
You begin to meditate on the wall.
You continue meditating on the rock.
The naga mage misses you.
The naga sharpshooter shoots a bolt.
The bolt hits you!
* * * LOW HITPOINT WARNING * * *
You focus on the pain.
You feel very mighty all of a sudden. The naga mage closely misses you.
You continue meditating on the rock.
You feel sick. The naga mage spits poison at you.
The splash of poison hits you! You resist.
The naga sharpshooter mumbles some strange words.
The naga sharpshooter magically shoots a bolt.
The bolt hits you!
You die...

#................
........).......
......))()......
......).(..########
......)()).........
......[)#..........
......)(#.)).......
#########(#.)).....#.
......)N(@#.)<(....#
...##.)(############
.......)...#
...........#
...........#
..#N....#..#
.%.....:...#
.#N.......##
...⌠...#.#


You could see a naga sharpshooter and a naga mage.

Vanquished Creatures
  Rupert (D:15)
  Frances (D:14)
  Kirke (D:14)
  6 nagarajas
  Louise (D:14)
  An orc warlord (Orc:1)
  Nessos (D:14)
  Azrael (Orc:2)
  Snorg (D:10)
  2 fire dragons
  3 ogre magi (D:15)
  11 hydras
  An ice dragon (D:15)
  Harold (Orc:1)
  7 anacondas
  A centaur warrior (D:15)
  14 naga warriors
  A death yak (Lair:1)
  14 naga sharpshooters
  An orc high priest (Orc:2)
  3 shock serpents
  Urug (Orc:1)
  7 slime creatures
  A fire crab (Lair:6)
  2 salamander mystics
  7 unseen horrors
  A wizard (D:14)
  2 sea snakes (Snake:1)
  7 hill giants
  4 naga ritualists
  4 orc knights
  5 orc sorcerers
  An oklob plant (Lair:5)
  8 ugly things
  6 mana vipers
  2 deep elf magi
  4 centaur zombies
  8 salamanders
  2 manticores
  Maurice (D:12)
  4 elephants (Lair:5)
  A cyclops (Orc:2)
  3 guardian serpents
  Joseph (D:10)
  26 black mambas
  2 centaur skeletons
  3 molten gargoyles (Lair:6)
  29 naga magi
  8 spiny frogs
  14 komodo dragons
  A kobold demonologist (D:15)
  A rime drake (Lair:4)
  3 tengu conjurers
  A queen bee (Lair:3)
  3 meliai (D:13)
  6 trolls
  A merfolk (D:12)
  Grinder (D:6)
  2 polar bears
  13 blink frogs
  2 hornets
  9 two-headed ogres
  A dream sheep (Lair:4)
  The ghost of empire the Conjurer, an amateur DsFE (D:3)
  10 hippogriffs
  2 spriggans
  2 shadows
  A centaur simulacrum (D:14)
  2 water elementals (D:13)
  2 wraiths
  10 wyverns
  5 basilisks
  4 fire elementals (Orc:2)
  47 yaks
  4 hungry ghosts
  3 vampire mosquitoes (D:15)
  7 wargs
  2 mottled dragons
  52 nagas
  A soldier ant (shapeshifter) (D:15)
  10 water moccasins
  A floating eye (shapeshifter) (D:13)
  5 hell hounds
  6 porcupines
  27 orc warriors
  3 ice beasts
  5 sky beasts
  2 black bears
  A necrophage (D:12)
  4 boggarts (D:14)
  5 phantoms
  25 wolves
  29 ogres
  An eye of draining (D:14)
  11 centaurs
  10 crocodiles
  4 big kobolds
  A crocodile (shapeshifter) (D:14)
  26 bullfrogs
  6 scorpions
  30 killer bees
  3 wights
  5 electric eels
  2 howler monkeys
  5 lava snakes (Lair:6)
  5 crimson imps
  5 jellies
  3 quasits
  A bullfrog zombie (D:7)
  17 orc priests
  6 hounds
  2 bullfrog skeletons
  7 iguanas
  22 orc wizards
  10 worker ants
  Natasha (thrice) (D:2)
  A hound zombie (D:7)
  2 worker ant zombies
  7 gnolls
  14 adders
  2 shadow imps (D:5)
  An ooze (D:6)
  An adder zombie (D:8)
  3 worms
  4 dart slugs
  8 leopard geckos
  80 orcs
  6 giant cockroaches
  6 goblins
  8 hobgoblins
  18 jackals
  23 kobolds
  4 quokkas
  9 bats
  A frilled lizard (D:5)
  A jackal skeleton (D:5)
  A jackal zombie (D:4)
  A quokka zombie (D:5)
  6 rats
  A butterfly (Lair:5)
952 creatures vanquished.

Vanquished Creatures (others)
  4 humans (D:14)
  12 fungi
  4 plants
20 creatures vanquished.

Grand Total: 972 creatures vanquished

Notes
Turn   | Place    | Note
-------+----------+-------------------------------------------
     0 | D:1      | kae the Demonspawn Monk began the quest for the Orb.
     0 | D:1      | Reached XP level 1. HP: 18/18 MP: 1/1
   103 | D:1      | Found a snail-covered altar of Cheibriados.
   111 | D:1      | Gained mutation: When seriously injured, your bleeding wounds create armour. (AC +12) [demonic ancestry]
   111 | D:1      | Reached XP level 2. HP: 16/24 MP: 2/2
   210 | D:1      | Became a worshipper of Cheibriados the Contemplative
   210 | D:1      | Reached * piety under Cheibriados
   210 | D:1      | Reached ** piety under Cheibriados
   441 | D:1      | Reached skill level 3 in Unarmed Combat
   902 | D:2      | Reached XP level 3. HP: 30/30 MP: 3/3
   918 | D:2      | Noticed Natasha
   935 | D:2      | Killed Natasha
   935 | D:2      | Reached skill level 1 in Invocations
  1206 | D:2      | Noticed Natasha
  1225 | D:2      | Gained mutation: You have large cloven feet. [demonic ancestry]
  1225 | D:2      | Reached XP level 4. HP: 27/37 MP: 5/5
  1241 | D:2      | Killed Natasha
  1272 | D:2      | Noticed Natasha
  1280 | D:2      | Killed Natasha
  1500 | D:2      | Reached *** piety under Cheibriados
  1500 | D:2      | Reached XP level 5. HP: 33/42 MP: 6/6
  1763 | D:3      | Noticed empire's ghost (amateur DsFE)
  1789 | D:2      | Reached skill level 4 in Unarmed Combat
  3309 | D:3      | Noticed a sky beast
  4132 | D:4      | Noticed an ogre
  4143 | D:4      | Killed an ogre
  4143 | D:4      | Gained mutation: When seriously injured, your bleeding wounds create thick armour. (AC +12) [demonic ancestry]
  4143 | D:4      | Reached XP level 6. HP: 31/49 MP: 8/8
  4398 | D:4      | Reached **** piety under Cheibriados
  4538 | D:4      | Found Taufulil's Armour Shoppe.
  4730 | D:4      | Reached skill level 5 in Unarmed Combat
  5280 | D:4      | Reached skill level 5 in Fighting
  5426 | D:4      | Found a staircase to the Ecumenical Temple.
  5515 | D:4      | Reached XP level 7. HP: 43/56 MP: 10/10
  6301 | D:3      | Killed empire's ghost
  6301 | D:3      | Reached skill level 6 in Unarmed Combat
  6301 | D:3      | Reached skill level 5 in Invocations
  6424 | D:5      | Entered Level 5 of the Dungeon
  7047 | D:5      | Reached ***** piety under Cheibriados
  7092 | D:5      | Reached XP level 8. HP: 39/64 MP: 12/12
  7569 | D:5      | Found Nyaqaumn's Food Boutique.
  7960 | D:5      | Reached skill level 7 in Unarmed Combat
  9253 | D:6      | Noticed Grinder
  9271 | D:6      | Paralysed by Grinder for 6 turns
  9281 | D:6      | Paralysed by Grinder for 3 turns
  9290 | D:6      | Killed Grinder
  9290 | D:6      | Reached skill level 8 in Unarmed Combat
  9290 | D:6      | Gained mutation: You sometimes gain a little power by taking damage. [demonic ancestry]
  9290 | D:6      | Reached XP level 9. HP: 33/71 MP: 14/14
  9951 | D:7      | Noticed an ice statue
 10492 | D:7      | Reached ****** piety under Cheibriados
 10681 | D:7      | Got a fine ring mail
 10692 | D:7      | Identified the +4 ring mail of Synchronized Stabbing {*Contam rN+ MR+ Str+5} (You found it on level 7 of the Dungeon)
 10783 | D:8      | Reached skill level 9 in Unarmed Combat
 11029 | D:8      | Found an opulent altar of Gozag.
 11413 | D:8      | Gained mutation: You have hoof-like feet. [demonic ancestry]
 11413 | D:8      | Reached XP level 10. HP: 80/80 MP: 15/15
 11462 | D:9      | Found a staircase to the Orcish Mines.
 11475 | D:9      | Reached skill level 5 in Dodging
 11481 | D:9      | Reached skill level 10 in Unarmed Combat
 11613 | D:9      | Got a slimy chain mail
 11614 | D:9      | Identified the +7 chain mail "Douvoj" {*Contam rF+ Int+7} (You found it on level 9 of the Dungeon)
 11704 | D:9      | Found a sparkling altar of Nemelex Xobeh.
 11816 | D:9      | Found Neoseosm's Weapon Shop.
 12118 | D:10     | Entered Level 10 of the Dungeon
 12252 | D:10     | Found a staircase to the Lair.
 12405 | D:10     | Noticed Snorg
 12416 | D:10     | Killed Snorg
 12416 | D:10     | Reached skill level 11 in Unarmed Combat
 12698 | D:10     | Noticed a hill giant
 12702 | D:10     | Killed a hill giant
 12935 | D:10     | Noticed Joseph
 13042 | D:10     | Killed Joseph
 13042 | D:10     | Reached XP level 11. HP: 70/89 MP: 12/16
 13088 | Lair:1   | Entered Level 1 of the Lair of Beasts
 13860 | Lair:1   | Noticed an eight-headed hydra
 13860 | Lair:1   | Noticed a death yak
 13864 | Lair:1   | Killed an eight-headed hydra
 13873 | Lair:1   | Killed a death yak
 13873 | Lair:1   | Reached skill level 12 in Unarmed Combat
 14282 | Lair:2   | Found a staircase to the Swamp.
 14417 | Lair:2   | Reached skill level 10 in Fighting
 15013 | Lair:2   | Noticed an eight-headed hydra
 15024 | Lair:2   | Killed an eight-headed hydra
 15024 | Lair:2   | Reached XP level 12. HP: 50/97 MP: 11/19
 16220 | Lair:3   | Reached skill level 10 in Invocations
 16519 | Lair:4   | Reached skill level 13 in Unarmed Combat
 16662 | Lair:4   | Noticed a seven-headed hydra
 16672 | Lair:4   | Killed a seven-headed hydra
 16930 | Lair:4   | Found a staircase to the Snake Pit.
 18043 | Lair:4   | Noticed a six-headed hydra
 18049 | Lair:4   | Killed a six-headed hydra
 18463 | Lair:5   | Gained mutation: When seriously injured, your bleeding wounds create very thick armour. (AC +12) [demonic ancestry]
 18463 | Lair:5   | Reached XP level 13. HP: 78/106 MP: 21/21
 19296 | Lair:5   | Reached skill level 14 in Unarmed Combat
 19856 | Lair:1   | Learned a level 2 spell: Passwall
 19936 | Lair:6   | Entered Level 6 of the Lair of Beasts
 19936 | Lair:6   | Found a viscous altar of Jiyva.
 19936 | Lair:6   | Found a staircase to the Slime Pits.
 20039 | Lair:6   | Reached skill level 1 in Transmutations
 20483 | Lair:6   | Found a large runed door.
 20486 | Lair:6   | Noticed a fire dragon
 21232 | Lair:6   | Found a large runed door.
 21391 | Lair:6   | Identified a scroll of acquirement
 21409 | Lair:6   | Killed a fire dragon
 21805 | D:11     | Found a flickering gateway to a bazaar.
 21809 | Bazaar   | Entered a bazaar
 21826 | Bazaar   | Found Wampiz's Assorted Antiques.
 21826 | Bazaar   | Found Sargh's Antique Armour Shoppe.
 21836 | Bazaar   | Bought a scroll labeled SOFUCZ NUENG for 22 gold pieces
 21847 | Bazaar   | Found Etrezuwn's Armour Emporium.
 21847 | Bazaar   | Found Ytemp's Jewellery Shoppe.
 21868 | Bazaar   | Found Tebum's Distillery.
 21883 | Bazaar   | Found Peudghoe's Antique Armour Emporium.
 21883 | Bazaar   | Found Uqoij's Gadget Shoppe.
 21969 | Bazaar   | Bought an encrusted chain mail for 199 gold pieces
 21969 | Bazaar   | Bought a brightly glowing chain mail for 199 gold pieces
 21969 | Bazaar   | Bought a slimy ring mail for 189 gold pieces
 21971 | Bazaar   | Identified the +3 chain mail of the Mind {+Inv} (You bought it in a shop in a bazaar)
 21972 | Bazaar   | Identified the +7 chain mail of Makhleb's Envy {rC+++ MR+ MP-9 Dex+2} (You bought it in a shop in a bazaar)
 21983 | Bazaar   | Identified the cursed +1 ring mail "Ehyf" {rF+ Int+2} (You bought it in a shop in a bazaar)
 22030 | Bazaar   | Gained mutation: Your magical capacity is low. (-10% MP) [mutagenic glow]
 22615 | D:11     | Gained mutation: You are partially covered in sharp spines. [demonic ancestry]
 22615 | D:11     | Reached XP level 14. HP: 99/114 MP: 11/20
 23013 | D:12     | Found Syshruosegg's Book Shoppe.
 23031 | D:12     | Bought a book of Changes for 325 gold pieces
 23033 | D:12     | Learned a level 1 spell: Beastly Appendage
 23035 | D:12     | Learned a level 1 spell: Apportation
 23041 | D:12     | Learned a level 5 spell: Blade Hands
 23103 | D:12     | Noticed Maurice
 23113 | D:12     | Killed Maurice
 23394 | D:12     | Reached skill level 1 in Spellcasting
 23516 | D:12     | Reached skill level 10 in Dodging
 23766 | Orc:1    | Entered Level 1 of the Orcish Mines
 23815 | Orc:2    | Entered Level 2 of the Orcish Mines
 23834 | Orc:2    | Found Hackomoa's Antique Weapon Shoppe.
 24115 | Orc:2    | Found a staircase to the Elven Halls.
 24178 | Orc:2    | Reached skill level 5 in Transmutations
 24277 | Orc:2    | Found Oroliock's General Store.
 24450 | Orc:2    | Noticed Azrael
 24470 | Orc:2    | Killed Azrael
 24526 | Orc:2    | Noticed an orc warlord
 24550 | Orc:1    | Killed an orc warlord
 24823 | Orc:1    | Noticed Urug
 24834 | Orc:1    | Killed Urug
 25277 | Orc:1    | Noticed Harold
 25302 | Orc:1    | Killed Harold
 25712 | Orc:2    | Found Uraor's Jewellery Emporium.
 25783 | Orc:2    | Found Yzuxkeu's Antique Armour Boutique.
 26127 | Orc:2    | Bought the +0 helmet "Meerea Miogh" {Regen+ Int+8} for 424 gold pieces
 26390 | D:13     | Reached skill level 15 in Unarmed Combat
 27178 | D:13     | Paralysed by a floating eye for 2 turns
 27204 | D:14     | Noticed Louise
 27218 | D:14     | Killed Louise
 27263 | D:14     | Gained mutation: You sometimes gain power by taking damage. [demonic ancestry]
 27263 | D:14     | Reached XP level 15. HP: 41/122 MP: 4/22
 27395 | D:14     | Found an iron altar of Okawaru.
 27548 | D:14     | Noticed Nessos
 27553 | D:14     | Killed Nessos
 27762 | D:14     | Reached skill level 5 in Spellcasting
 27985 | D:14     | Found a deep blue altar of Sif Muna.
 28029 | D:14     | Noticed Frances
 28029 | D:14     | Noticed Kirke
 28042 | D:14     | Killed Kirke
 28055 | D:14     | Killed Frances
 28364 | D:14     | Found a gate to the Vaults.
 28421 | D:15     | Entered Level 15 of the Dungeon
 28575 | D:15     | Got a vibrating steel amulet
 28885 | D:15     | Found a staircase to the Depths.
 29273 | D:15     | Noticed Rupert
 29292 | D:15     | Killed Rupert
 29527 | D:15     | Identified the amulet of the Prince {+Rage rElec rPois rF+} (You found it on level 15 of the Dungeon)
 29747 | Snake:1  | Entered Level 1 of the Snake Pit
 30205 | Snake:1  | Gained mutation: You are mostly covered in sharp spines. [demonic ancestry]
 30205 | Snake:1  | Reached XP level 16. HP: 123/129 MP: 0/23
 30554 | Snake:1  | Reached skill level 16 in Unarmed Combat
 30735 | Snake:2  | Found a gateway to a bazaar.
 30794 | Bazaar   | Entered a bazaar
 30794 | Bazaar   | Found Saply's Weapon Shoppe.
 30794 | Bazaar   | Found Xamauhi's Armour Emporium.
 30798 | Bazaar   | Found Unaa's Antique Armour Shoppe.
 30812 | Bazaar   | Found Rucoch's Magic Scroll Emporium.
 30820 | Bazaar   | Bought a scroll of identify for 26 gold pieces
 30820 | Bazaar   | Bought a scroll of identify for 26 gold pieces
 30836 | Bazaar   | Bought an ichor-stained chain mail for 209 gold pieces
 30846 | Bazaar   | Identified the +8 chain mail of the Beginning {rElec Str-3 Int+4} (You bought it in a shop in a bazaar)
 30946 | Snake:2  | Found Amihuuc's Assorted Antiques.
 30966 | Snake:2  | Found Ustran's Distillery.
 30983 | Snake:2  | Found Xecweantell's Gadget Shop.
 31251 | Snake:3  | Gained mutation: You can translocate small distances at will. [potion of beneficial mutation]
 32861 | Snake:4  | Entered Level 4 of the Snake Pit
 33753 | Snake:3  | Reached skill level 10 in Transmutations
 34090 | Snake:4  | Reached XP level 17. HP: 78/137 MP: 17/26
 34313 | Snake:4  | HP: 3/138 [naga sharpshooter/bolt (17)]
 34314 | Snake:4  | Shot with a bolt by a naga sharpshooter

Skill      XL: |  1  2  3  4  5  6  7  8  9 10 11 12 13 14 15 16 17 |
---------------+----------------------------------------------------+-----
Unarmed Combat | 3 4 5 6 8 9 11 12 13 14 15 16 | 16.8
Invocations    | 1 2 3 4 5 7 9 10 12 13 | 13.7
Fighting       | 4 5 6 7 9 10 11 12 13 | 13.7
Dodging        | 3 4 6 7 9 10 11 | 11.5
Transmutations | 4 6 8 10 | 10.3
Spellcasting   | 4 6 8 9 |  9.1
Stealth        | |  1.7

Action                   |  1- 3 |  4- 6 |  7- 9 | 10-12 | 13-15 | 16-18 || total
-------------------------+-------+-------+-------+-------+-------+-------++-------
Melee: Unarmed           |   122 |   285 |   394 |   566 |  1155 |   484 ||  3006
       Punch             |     5 |     3 |    31 |    67 |   132 |    57 ||   295
       Kick              |       |   132 |   201 |   325 |   695 |   291 ||  1644
 Cast: Passwall          |       |       |       |       |     2 |     2 ||     4
       Blade Hands       |       |       |       |       |       |     5 ||     5
Invok: Temporal Distorti |       |       |       |     1 |       |       ||     1
       Slouch            |       |       |       |     1 |     5 |     1 ||     7
       Bend Time         |       |       |       |       |     4 |       ||     4
 Abil: Blink             |       |       |       |       |       |     1 ||     1
  Use: Scroll            |       |     8 |    11 |     6 |    19 |     4 ||    48
       Potion            |       |     1 |       |       |     2 |     1 ||     4
 Stab: Sleeping          |     1 |     2 |     5 |     6 |     2 |       ||    16
       Distracted        |       |       |     1 |     1 |       |       ||     2
  Eat: Chunk             |       |     5 |    10 |    13 |    23 |     7 ||    58
       Pizza             |       |       |       |       |       |     1 ||     1
Armor: Robe              |    26 |    50 |    71 |       |       |       ||   147
       Ring mail         |       |       |    24 |   135 |    96 |       ||   255
       Chain mail        |       |       |       |       |   282 |   185 ||   467
       Skin              |       |       |       |       |     9 |       ||     9
Dodge: Dodged            |    98 |   219 |   307 |   550 |  1066 |   468 ||  2708
